 Dungeon Crawl Stone Soup version 0.29-a0-802-g34511f41fd (webtiles) character file.

Game seed: 11965053290704804885

15 dolemite99 the Trooper (level 2, -2/24 HPs)
             Began as a Demonspawn Fighter on July 3, 2022.
             Slain by an orc
             ... wielding a +0 club
              (4 damage)
             ... on level 1 of the Dungeon.
             The game lasted 00:00:45 (988 turns).

dolemite99 the Trooper (Demonspawn Fighter)          Turns: 988, Time: 00:00:45

Health: -2/24      AC:  6    Str: 16    XL:     2   Next: 34%
Magic:  0/2        EV:  8    Int:  9    God:
Gold:   42         SH:  4    Dex: 12    Spells: 1/1 levels left

rFire   . . .      SeeInvis .   a - +0 rapier
rCold   . . .      Faith    .   c - +0 buckler
rNeg    . . .      Spirit   +   b - +0 scale mail
rPois   .          Reflect  .   (no helmet)
rElec   .          Harm     .   (no cloak)
rCorr   .          Rampage  .   (no gloves)
Will    .....                   (no boots)
Stlth   ..........              n - amulet of guardian spirit
HPRegen 0.08/turn               (no ring)
MPRegen 0.08/turn               (no ring)

@: mighty
A: demonic magic 1
a: no special abilities


You were on level 1 of the Dungeon.
You visited 1 branch of the dungeon, and saw 2 of its levels.

You collected 42 gold pieces.

Inventory:

Hand Weapons
 a - a +0 rapier (weapon)
Armour
 b - a +0 scale mail (worn)
 c - a +0 buckler (worn)
 k - a +0 cloak
Magical Staves
 f - a staff of fire
Jewellery
 n - an amulet of guardian spirit (around neck)
Scrolls
 i - a scroll of amnesia {unknown}
 j - a scroll of enchant weapon {unknown}
 l - a scroll of fog {unknown}
 o - a scroll of immolation {unknown}
Potions
 e - 2 potions of heal wounds {unknown}
 g - a potion of berserk rage {unknown}
 h - 2 potions of mutation {unknown}
 m - a potion of lignification {unknown}


   Skills:
 - Level 3.0 Fighting
 + Level 2.7 Short Blades
 - Level 2.6 Armour
 - Level 2.6 Shields


You had one spell level left.
You didn't know any spells.
Your spell library was empty.

Dungeon Overview and Level Annotations

Branches:
Dungeon (2/15)

Altars:


Innate Abilities, Weirdness & Mutations

Spells you cast may paralyse adjacent enemies.


Message History

The frilled lizard bites you.
You hit the frilled lizard.
You kill the frilled lizard!
No target in view!
No target in view!
o - a scroll labelled XOTUUKOOLA You start resting.
HP restored.
There is a shaft here.
Done exploring.
Done exploring.
No target in view!
No target in view!
No target in view!
(D) Dungeon
Where to? (? - help)
What level of the Dungeon? (default 1, ? - help)
Things that are here:
a +0 short sword; 5 stones
There is a stone staircase leading down here.
You climb downwards.
The adder hisses angrily.
The orc shouts!
The orc priest shouts! x2
Found 4 stones, 3 poisoned darts and 14 gold pieces.
Found a stone staircase leading down.
There is a stone staircase leading up here.
There are monsters nearby!
There are monsters nearby!
You closely miss the orc. The orc hits you with a +0 morningstar.
The orc priest barely misses you.
The orc priest miscasts a cantrip.
The orc hits you with a +0 morningstar. The orc closely misses you.
You climb upwards.
There is a stone staircase leading down here.
You feel very mighty all of a sudden.
The orc priest invokes the aid of Beogh against you.
Beogh smites you!
Ouch! That really hurt!
* * * LOW HITPOINT WARNING * * *
You block the orc's attack. The orc hits you with a +0 club.
You die...

§≈≈§≈≈§8#.###.# ..§§§...#...#.#
........#.#.#.#####
...8....###.#.....# ...8...<#
#.#####.# ........# #.# ##.##
........# #.####...########
≈§§≈≈≈§8# #.....o#........#
######### ###.##@o.######.#######
#.....# #..#oo#######.......#
##...## ##...................#
##.## #...##.##.....##.##..# #.#
#.###.#.##.#.##.#.##.# #
#.#######.#...#...###...#..#.# ##
#.........###.#.##.#.##)#.##.#
.###########...##.##.....##.##..#
..#### #...................##


You could see 2 orc priests and 2 orcs.

Vanquished Creatures
  2 endoplasms (D:1)
  A giant cockroach (D:1)
  A goblin (D:1)
  A quokka (D:1)
  3 ball pythons (D:1)
  A bat (D:1)
  6 frilled lizards (D:1)
  A kobold (D:1)
16 creatures vanquished.

Notes
Turn   | Place    | Note
-------+----------+-------------------------------------------
     0 | D:1      | dolemite99 the Demonspawn Fighter began the quest for the
                  | Orb.
     0 | D:1      | Reached XP level 1. HP: 18/18 MP: 1/1
   269 | D:1      | Gained mutation: Spells you cast may paralyse adjacent
                  | enemies. [demonic ancestry]
   269 | D:1      | Reached XP level 2. HP: 12/24 MP: 2/2
   988 | D:1      | Slain by an orc

Illustrated notes

Levels and vault maps discovered:
D:1:      lightli_arrival_noodles, layout_loops_ring, minmay_ruptured
D:2:      layout_rooms, basic_altar

Skill      XL: |  1 |
---------------+----+-----
Short Blades   | 2 |  2.7
Fighting       | |  3.0
Armour         | |  2.6
Shields        | |  2.6

Action                   || total
-------------------------++-------
Melee: Rapier            ||    51
  Use: Potion            ||     1
Armor: Scale mail        ||    26
Dodge: Dodged            ||    20
Block: Buckler           ||    10

Table legend: (Time is in decaauts)
 A = Elapsed time spent in this place.
 B = Non-inter-level travel time spent in this place.
 C = Inter-level travel time spent in this place.
 D = Time resting spent in this place.
 E = Time spent auto-exploring this place.
 F = Levels seen in this place.
 G = Mean time per level.
                   A        B        C        D        E       F      G
               +--------+--------+--------+--------+--------+-----+--------+
         Total |    993 |    978 |     15 |    229 |    579 |   2 |  496.5 |
       Dungeon |    993 |    978 |     15 |    229 |    579 |   2 |  496.5 |
               +--------+--------+--------+--------+--------+-----+--------+

Top non-repeatable levels by time:
     D:1: 990 daAuts
     D:2: 2 daAuts
